 Dungeon Crawl Stone Soup version 0.17.0-28-g6e173f8 (webtiles) character file.

372 fredomojojo the Covert (level 6, -3/42 HPs)
             Began as a Vampire Enchanter on Dec 3, 2015.
             Slain by a hound (6 damage)
             ... on level 4 of the Dungeon on Dec 4, 2015.
             The game lasted 00:38:41 (3024 turns).

fredomojojo the Covert (Vampire Enchanter)          Turns: 3024, Time: 00:38:42

Health: -3/42      AC:  2    Str:  7    XL:     6   Next: 43%
Magic:  6/9        EV: 14    Int: 20    God:
Gold:   113        SH:  0    Dex: 14    Spells: 2 memorised, 7 levels left

rFire  + . .     SeeInvis +     a - +1 dagger
rCold  + . .     Clarity  .     t - +0 robe {rF+}
rNeg   + + +     SustAt   .     (no shield)
rPois  +         Gourm    .     (no helmet)
rElec  .         Spirit   .     (no cloak)
rCorr  .         Warding  .     (no gloves)
rMut   .         Rnd*Tele +     (no boots)
MR     .....                    (no amulet)
Stlth  ++++......               u - ring of teleportation
                                o - ring of positive energy

@: very slightly contaminated, regenerating slowly, invisible, not resistant to
hostile enchantments, stealthy
A: fangs 3, see invisible, unbreathing
a: Bat Form, Evoke Teleportation


You were on level 4 of the Dungeon.
You were thirsty.

You visited 1 branch of the dungeon, and saw 4 of its levels.

You collected 113 gold pieces.

Inventory:

Hand Weapons
 a - a +1 dagger (weapon)
Missiles
 e - 25 sling bullets
 f - 16 arrows
 i - 7 stones (quivered)
Armour
 b - a +1 robe
 m - a +0 cloak
 t - a +0 robe of fire resistance (worn)
Jewellery
 o - a ring of positive energy (left hand)
 u - a ring of teleportation (right hand)
Wands
 B - a wand of magic darts (13)
Scrolls
 h - 2 scrolls of teleportation
 j - 2 scrolls of amnesia
 n - 2 scrolls of blinking {unknown}
 q - a scroll of fog {unknown}
 r - a scroll of random uselessness {unknown}
 w - a scroll of remove curse
 x - a scroll of immolation {unknown}
 y - a scroll of fear {unknown}
 z - a scroll of identify
Potions
 d - 27 potions of blood
 l - 3 potions of curing
 p - a potion of haste {unknown}
 s - a potion of agility
 v - a potion of mutation {unknown}
 A - a potion of invisibility
Books
 c - a book of Maledictions

   Spells                             Type                      Level
   a - Corona                         Hexes                        1
   b - Ensorcelled Hibernation        Hexes/Ice                    2
   c - Confuse                        Hexes                        3
   d - Tukima's Dance                 Hexes                        3
   e - Dazzling Spray                 Conjuration/Hexes            3


   Skills:
 + Level 0.8 Fighting
 + Level 2.2 Short Blades
 + Level 0.5 Throwing
 + Level 4.0 Dodging
 + Level 8.1 Stealth
 + Level 2.5 Spellcasting
 + Level 5.0 Hexes
 + Level 1.1 Ice Magic


You had 7 spell levels left.
You knew the following spells:

 Your Spells              Type           Power        Failure   Level  Hunger
a - Corona                Hex            ###....      1%          1    None
b - Ensorcelled Hibernat  Hex/Ice        ##....       10%         2    ##.....


Dungeon Overview and Level Annotations

Branches:
Dungeon (4/15)
 Temple: D:4-7

Altars:
Ashenzari
Trog

Annotations:
D:3 Natasha


Innate Abilities, Weirdness & Mutations

You heal slowly.
You have razor-sharp teeth.
You have supernaturally acute eyesight.
You can survive without breathing.


Message History

The worm is severely wounded.
The worm bites you.
* * * LOW HITPOINT WARNING * * *
You barely miss the worm.
The worm is severely wounded.
The worm barely misses you.
You barely miss the worm.
The worm is heavily wounded.
You barely miss the worm.
The worm is heavily wounded.
The hound closely misses you. The worm bites you!
* * * LOW HITPOINT WARNING * * *
It was a potion of invisibility.
You fade into invisibility!
The hound closely misses you.
You are very lightly contaminated with residual magic.
You barely miss the worm. You bite the worm.
The worm is severely wounded.
The hound bites you.
You die...

#######
########.....###
#.........†..w@#
+............h.#
#.........##...#
#.............##
####)####.....# .
#.#........#
.#####............
....##........####
...)##...$....#


You could see a worm and a hound.

Vanquished Creatures
  Sigmund (D:3)
  A scorpion (D:4)
  An orc wizard (D:4)
  Natasha (twice) (D:3)
  2 adders (D:3)
  An adder skeleton (D:3)
  2 worms (D:2)
  3 giant geckos
  8 orcs (D:3)
  9 bats
  4 giant cockroaches
  9 hobgoblins
  3 quokkas
  A ball python (D:3)
  3 giant newts
  10 goblins
  8 kobolds
  8 rats
76 creatures vanquished.

Notes
Turn   | Place    | Note
--------------------------------------------------------------
     0 | D:1      | fredomojojo the Vampire Enchanter began the quest for the Orb.
     0 | D:1      | Reached XP level 1. HP: 13/13 MP: 3/3
   384 | D:1      | Reached XP level 2. HP: 19/19 MP: 5/5
   388 | D:1      | Learned a level 2 spell: Ensorcelled Hibernation
   471 | D:1      | Reached skill level 5 in Stealth
   717 | D:2      | Reached XP level 3. HP: 21/25 MP: 6/6
  1159 | D:2      | Found a shattered altar of Ashenzari.
  1831 | D:3      | Reached skill level 6 in Stealth
  1861 | D:3      | Noticed Sigmund
  1867 | D:3      | Killed Sigmund
  1867 | D:3      | Reached skill level 7 in Stealth
  1867 | D:3      | Reached skill level 5 in Hexes
  1867 | D:3      | Reached skill level 1 in Ice Magic
  1867 | D:3      | Reached XP level 4. HP: 17/31 MP: 4/7
  1867 | D:3      | Reached XP level 5. HP: 19/36 MP: 4/8
  2390 | D:3      | Found a bloodstained altar of Trog.
  2573 | D:3      | Noticed Natasha
  2575 | D:3      | Killed Natasha
  2575 | D:3      | Reached XP level 6. HP: 42/42 MP: 9/9
  2724 | D:3      | Noticed Natasha
  2737 | D:3      | Killed Natasha
  2765 | D:3      | Noticed Natasha
  2923 | D:4      | Reached skill level 8 in Stealth
  3024 | D:4      | Slain by a hound

Action                   |  1- 3 |  4- 6 || total
-------------------------+-------+-------++-------
Melee: Dagger            |   115 |   110 ||   225
Throw: Stone             |     4 |     1 ||     5
 Cast: Ensorcelled Hiber |     8 |     9 ||    17
       Corona            |       |     2 ||     2
 Abil: End Transformatio |     1 |     1 ||     2
       Bat Form          |     1 |     1 ||     2
Evoke: Wand              |       |     2 ||     2
  Use: Potion            |     4 |     7 ||    11
       Scroll            |       |     4 ||     4
 Stab: Sleeping          |    19 |    11 ||    30
       Distracted        |     1 |       ||     1
